 Dungeon Crawl Stone Soup version 0.31-a0-210-gccc998df9b (webtiles) character file.

Game seed: 8531758426797997930

534 McSplat the Twirler (level 7, -21/40 HPs)
             Began as a Gargoyle Gladiator on June 29, 2023.
             Was a Follower of Uskayaw.
             Demolished by an ogre
             ... wielding a +0 giant club
              (23 damage)
             ... on level 4 of the Dungeon.
             The game lasted 00:21:42 (2714 turns).

McSplat the Twirler (Gargoyle Gladiator)            Turns: 2714, Time: 00:21:43

Health: -21/40     AC: 14    Str: 19    XL:     7   Next: 25%
Magic:  5/9        EV:  8    Int:  9    God:    Uskayaw [*.....]
Gold:   195        SH:  0    Dex: 11    Spells: 8/8 levels left

rFire   . . .        a - +0 quarterstaff
rCold   . . .        (shield currently unavailable)
rNeg    + . .        x - +0 chain mail
rPois   ∞            c - +0 helmet
rElec   +            (no cloak)
rCorr   .            (no gloves)
SInv    .            (no boots)
Will    .....        (no amulet) Stlth
                     (no ring)
HPRegen 0.26/turn    (no ring)
MPRegen 0.11/turn

%: no passive effects
@: no status effects
A: sickness immunity, AC +4, negative energy resistance 1, electricity
resistance, torment resistance 1, petrification resistance
a: Renounce Religion, Stomp


You were on level 4 of the Dungeon.
You worshipped Uskayaw.
Uskayaw was noncommittal.
You visited 1 branch of the dungeon, and saw 4 of its levels.

You collected 195 gold pieces.

Inventory:

Hand Weapons
 a - a +0 quarterstaff (weapon)
 b - a +0 orcbow
Missiles
 d - 3 throwing nets
 e - a javelin
 l - a poisoned dart (quivered)
Armour
 c - a +0 helmet (worn)
 x - a +0 chain mail (worn)
Wands
 y - a wand of digging (6)
 C - a wand of charming (10)
Scrolls
 f - a scroll of enchant weapon {unknown}
 g - a scroll of teleportation {unknown}
 i - a scroll of fear
 j - a scroll of torment {unknown}
 k - a scroll of revelation
 q - a scroll of silence {unknown}
 r - a scroll of immolation {unknown}
 s - a scroll of poison {unknown}
 v - 2 scrolls of blinking {unknown}
 A - 3 scrolls of identify {unknown}
Potions
 h - 3 potions of heal wounds {unknown}
 m - a potion of berserk rage {unknown}
 n - a potion of magic {unknown}
 o - a potion of ambrosia {unknown}
 p - a potion of lignification {unknown}
 t - a potion of invisibility {unknown}
 u - a potion of mutation {unknown}
 w - 2 potions of degeneration {unknown}
 z - a potion of brilliance {unknown}
 B - a potion of attraction {unknown}
 D - a potion of curing {unknown}


   Skills:
 - Level 2.7 Fighting
 * Level 6.1 Staves
 - Level 2.0 Throwing
 + Level 2.6 Armour
 - Level 2.7 Dodging
 - Level 1.0 Stealth
 - Level 1.0 Spellcasting
 + Level 3.3 Invocations


You had 8 spell levels left.
You didn't know any spells.
Your spell library contained the following spells:

 Spells                   Type           Power      Damage    Failure   Level
 Kiss of Death            Conj/Necr      0%         2d5       97%         1
 Necrotise                Necr           0%         1d4       97%         1
 Frozen Ramparts          Ice            0%         1d1       100%        3
 Ice Form                 Ice/Tmut       0%         N/A       100%        4
 Summon Ice Beast         Ice/Summ       0%         N/A       100%        4
 Enfeeble                 Hex            0%         N/A       100%        7
 Infestation              Necr           0%         N/A       100%        8
 Sublimation of Blood     Necr           Unusable   N/A       N/A         2

Dungeon Overview and Level Annotations

Branches:
Dungeon (4/15)
 Temple: D:4-7

Altars:
Nemelex Xobeh
Uskayaw


Innate Abilities, Weirdness & Mutations

You are immune to sickness and miasma.
Your stone body is resilient. (AC +4)
You are immune to poison.
You resist negative energy. (rN+)
You are resistant to electric shocks. (rElec)
You are resistant to unholy torment.
You are immune to petrification.


Message History

The ogre is lightly wounded.
The ogre hits you with a +0 giant club!!
Ouch! That really hurt!
You are too injured to fight recklessly!
You are too injured to fight recklessly!
You sock the ogre!
The ogre is heavily wounded.
Okay, then.
Okay, then.
Okay, then.
Unknown command.
You sock the ogre!
The ogre is severely wounded.
The ogre hits you with a +0 giant club!
* * * LOW HITPOINT WARNING * * *
You can now pass through a line of other dancers.
Unknown command.
Aiming: Line Pass
Press: ? - help, Dir - move target, f - gnoll, p - ogre
Aim: a gnoll, wielding a +0 whip (moderately wounded, poisoned)
You can't stand on top of the monster!
Aiming: Line Pass
Press: ? - help, Dir - move target, p - gnoll The ogre appears confused.
The gnoll appears confused.
You can no longer pass through a line of other dancers.
The gnoll hits itself with a +0 whip.
Unknown command.
Unknown command.
Okay, then.
Okay, then.
Unknown command.
You sock the gnoll!
You kill the gnoll!
The ogre seems less confused.
The ogre looks more healthy.
You see here a poisoned dart.
You hit the ogre.
The ogre is almost dead.
The ogre hits you with a +0 giant club!!
Ouch! That really hurt!
You die...

#.###..............#######..##.##
#.# #.............# ####.##.).
..# #...........#.#### #.........
.## #.........<.................#
.# #..........#.#######........#
.# ##........)#.# ########## ##
##......#(#.# # #....###.O)## #..
#.#### ##.@.### ####...# ####.#
##....# ... ..## #....#
#..(.####.# # ##.#### ###).##...#
#..# #..(#.##### #.#####.#
##........# #.......#
#....##...## ###..######
#..######...##### #....# #..#
##.......


You could see an ogre.

Vanquished Creatures
  An ogre (D:3)
  2 scorpions (D:4)
  A hound (D:3)
  A jelly (D:4)
  Ijyb (D:3)
  Natasha (thrice) (D:3)
  An orc wizard (D:4)
  4 adders
  2 gnolls (D:4)
  A dart slug (D:1)
  6 orcs
  5 bats
  7 endoplasms
  8 giant cockroaches
  6 goblins
  3 hobgoblins
  3 jackals
  7 quokkas
  6 ball pythons
  4 frilled lizards
  6 kobolds
  7 rats
85 creatures vanquished.

Notes
Turn   | Place    | Note
-------+----------+-------------------------------------------
     0 | D:1      | McSplat the Gargoyle Gladiator began the quest for the Orb.
     0 | D:1      | Reached XP level 1. HP: 12/12 MP: 1/1
    97 | D:1      | Reached XP level 2. HP: 18/18 MP: 2/2
   262 | D:1      | Reached XP level 3. HP: 19/22 MP: 3/3
   695 | D:2      | Found a sparkling altar of Nemelex Xobeh.
   920 | D:2      | Found a faded altar of an unknown god.
   957 | D:2      | Prayed at the altar of an unknown god.
   957 | D:2      | Became a worshipper of Uskayaw the Reveller
   957 | D:2      | Reached * piety under Uskayaw
  1087 | D:3      | Noticed an ogre
  1149 | D:3      | Identified the +2 robe "Miuzxisis" {rF+ rC- rCorr Dex+2}
  1174 | D:3      | Noticed Ijyb
  1188 | D:3      | Reached ** piety under Uskayaw
  1195 | D:3      | Killed Ijyb
  1196 | D:3      | Reached skill level 4 in Staves
  1196 | D:3      | Reached skill level 1 in Invocations
  1196 | D:3      | Reached XP level 4. HP: 14/27 MP: 4/4
  1485 | D:3      | Reached XP level 5. HP: 31/31 MP: 4/6
  1487 | D:3      | Reached *** piety under Uskayaw
  1488 | D:3      | Reached skill level 1 in Spellcasting
  1541 | D:3      | Got Sif Muna's Guide on Spooky Rites and Glamour
  1749 | D:3      | Noticed Natasha
  1756 | D:3      | Killed Natasha
  1785 | D:4      | Reached skill level 5 in Staves
  1785 | D:4      | Reached skill level 1 in Armour
  1785 | D:4      | Reached XP level 6. HP: 36/36 MP: 7/7
  2089 | D:3      | Noticed Natasha
  2099 | D:3      | Killed Natasha
  2100 | D:3      | Reached skill level 1 in Stealth
  2100 | D:3      | Noticed Natasha
  2167 | D:3      | Killed Natasha
  2547 | D:3      | Reached skill level 6 in Staves
  2547 | D:3      | Reached XP level 7. HP: 40/40 MP: 9/9
  2710 | D:4      | HP: 1/40 [ogre/+0 giant club (14)]
  2714 | D:4      | Demolished by an ogre

Illustrated notes

Levels and vault maps discovered:
D:1:      ncdulo_lavacross, layout_rooms, minmay_tromino_v4_c
D:2:      layout_basic, basic_altar, hellmonk_ecumenical_altar_arch_garden,
          serial_rivers, chequers_serial_rivers_micro_b,
          chequers_serial_rivers_room_a, chequers_serial_rivers_micro_a,
          chequers_serial_rivers_small_a
D:3:      minmay_diamond_boxcup, layout_basic, uniq_natasha, uniq_ijyb
D:4:      layout_rooms

Skill      XL: |  1  2  3  4  5  6 |
---------------+-------------------+-----
Throwing       | 2 |  2.0
Staves         | 4 5 6 |  6.1
Invocations    | 1 2 3 |  3.3
Spellcasting   | 1 |  1.0
Armour         | 1 2 |  2.6
Stealth        | 1 |  1.0
Fighting       | |  2.7
Dodging        | |  2.7

Action                     |  1- 3 |  4- 6 |  7- 9 || total
---------------------------+-------+-------+-------++-------
  Melee: Quarterstaff      |   118 |   174 |    11 ||   303
  Throw: Dart              |     7 |    32 |     5 ||    44
 Invoke: Line Pass         |       |     1 |     1 ||     2
    Use: Scroll            |     1 |     1 |     1 ||     3
   Stab: Fleeing           |       |       |     1 ||     1
 Armour: Leather armour    |    62 |     1 |       ||    63
         Chain mail        |       |   122 |     4 ||   126
  Dodge: Dodged            |    78 |    56 |       ||   134

Table legend: (Time is in decaauts)
 A = Elapsed time spent in this place.
 B = Non-inter-level travel time spent in this place.
 C = Inter-level travel time spent in this place.
 D = Time resting spent in this place.
 E = Time spent auto-exploring this place.
 F = Levels seen in this place.
 G = Mean time per level.
                   A        B        C        D        E       F      G
               +--------+--------+--------+--------+--------+-----+--------+
         Total |   2735 |   2631 |    104 |    292 |   1372 |   4 |  683.8 |
       Dungeon |   2735 |   2631 |    104 |    292 |   1372 |   4 |  683.8 |
               +--------+--------+--------+--------+--------+-----+--------+

Top non-repeatable levels by time:
     D:3: 895 daAuts
     D:4: 666 daAuts
     D:1: 599 daAuts
     D:2: 574 daAuts
